 Dungeon Crawl Stone Soup version 0.21-a0-509-gecc5317 (webtiles) character file.

100 KristoblXynda the Slasher (level 4, 0/36 HPs)
             Began as a Draconian Gladiator on Nov 29, 2017.
             Slain by a wight
             ... wielding a +0 spear
              (1 damage)
             ... on level 2 of the Dungeon.
             The game lasted 00:02:10 (874 turns).

KristoblXynda the Slasher (Draconian Gladiator)      Turns: 874, Time: 00:02:11

Health: 0/36       AC:  7    Str: 18    XL:     4   Next: 46%
Magic:  4/4        EV: 12    Int:  8    God:
Gold:   75         SH:  0    Dex: 12    Spells: 3/3 levels left

rFire    . . .     SeeInvis +   a - +0 long sword
rCold    . . .     Gourm    .   (no shield)
rNeg     . . .     Faith    .   (armour unavailable)
rPois    .         Spirit   .   b - +0 hat
rElec    .         Reflect  .   (no cloak)
rCorr    .         Harm     .   (no gloves)
MR       .....                  j - +1 pair of boots
Stlth    +.........             (no amulet)
HPRegen  0.12/turn              m - ring of see invisible
MPRegen  0.09/turn              (no ring)

@: heavily drained
A: unfitting armour, cold-blooded, AC +5
a: no special abilities


You were on level 2 of the Dungeon.
You were not hungry.

You visited 1 branch of the dungeon, and saw 2 of its levels.

You collected 75 gold pieces.

Inventory:

Hand Weapons
 a - a +0 long sword (weapon)
Missiles
 c - 3 throwing nets (quivered)
Armour
 b - a +0 hat (worn)
 j - a +1 pair of boots (worn)
Jewellery
 m - a ring of see invisible (left hand)
Scrolls
 e - a scroll of blinking {unknown}
 f - a scroll of remove curse {unknown}
 g - a scroll of immolation {unknown}
 h - 2 scrolls of teleportation {unknown}
 i - a scroll of identify {unknown}
Potions
 k - a potion of ambrosia {unknown}
 l - a potion of curing {unknown}
 n - a potion of mutation {unknown}
 o - a potion of might {unknown}
Comestibles
 d - 3 bread rations
 p - a royal jelly


   Skills:
 - Level 2.1(0.8) Fighting
 + Level 3.9(2.5) Long Blades
 + Level 2.8(1.5) Throwing
 + Level 3.5(2.1) Dodging


You had 3 spell levels left.
You didn't know any spells.

Dungeon Overview and Level Annotations

Branches:
Dungeon (2/15)

Altars:


Innate Abilities, Weirdness & Mutations

Your plain brown scales are hard. (AC +5)
You cannot fit into any form of body armour.
You are cold-blooded and may be slowed by cold attacks.


Message History

The wight hits you with a spear.
You feel drained.
You hit the wight but do no damage.
The wight is severely damaged.
The wight barely misses you.
You barely miss the wight.
You tail-slap the wight, but do no damage.
The wight is severely damaged.
The wight hits you but does no damage.
You barely miss the wight.
Your tail-slap misses the wight.
The wight is severely damaged.
The wight hits you with a spear. The wight hits you with a spear!
* * * LOW HITPOINT WARNING * * *
You feel drained.
* * * LOW HITPOINT WARNING * * *
You barely miss the wight.
The wight is severely damaged.
The wight hits you with a spear.
* * * LOW HITPOINT WARNING * * *
You feel drained.
You die...

##########
##........##
######
#..z@......#
###.....
#...######..#
#.....##
.......
###..###.###.##
.......
#........# #...
.......
#.....##.###.#.
.#####.
##...........#.
#.
#.....#.....##.
..
........###..#
. ........##
##.##.


You could see a wight.

Vanquished Creatures
  A jelly (D:2)
  An adder (D:2)
  2 oozes
  An adder zombie (D:1)
  A dart slug (D:2)
  2 leopard geckos (D:1)
  A ball python (D:1)
  6 bats
  A bat zombie (D:1)
  A giant cockroach (D:1)
  9 hobgoblins
  2 jackals (D:2)
  6 kobolds
  5 goblins
  4 rats
43 creatures vanquished.

Notes
Turn   | Place    | Note
-------+----------+-------------------------------------------
     0 | D:1      | KristoblXynda the Draconian Gladiator began the quest for the Orb.
     0 | D:1      | Reached XP level 1. HP: 17/17 MP: 1/1
    62 | D:1      | Reached XP level 2. HP: 20/24 MP: 2/2
   325 | D:1      | Reached XP level 3. HP: 17/29 MP: 3/3
   709 | D:2      | Reached XP level 4. HP: 30/36 MP: 4/4
   874 | D:2      | HP: 1/36 [wight/spear (3)]
   874 | D:2      | Slain by a wight

Vault maps used:
D:1:      saegor_arrival_fortress
D:2:      first_bread, hangedman_decor_growths

Skill      XL: |  1  2 |
---------------+-------+-----
Throwing       | 2 |  2.8
Dodging        | 3 |  3.5
Fighting       | |  2.1
Long Blades    | |  3.9

Action                   |  1- 3 |  4- 6 || total
-------------------------+-------+-------++-------
Melee: Long sword        |    91 |    22 ||   113
       Tailslap          |    11 |     4 ||    15
Armor: Skin              |    31 |     2 ||    33
Dodge: Dodged            |    80 |    11 ||    91
       Rpst.: Long sword |    26 |     2 ||    28

Table legend:
 A = Spawn XP
 B = Non-spawn XP
 C = Spawn XP percentage of total XP
 D = Spawn monster count
 E = Non-spawn monster count
 F = Spawn count percentage of total count
 G = Total turns spent on level
                    A         B        C        D         E        F      G
               +---------+---------+-------+---------+---------+-------+---------
         Total |       0 |     143 |   0.0 |       0 |      43 |   0.0 |   874
               +---------+---------+-------+---------+---------+-------+---------
           D:1 |       0 |      60 |   0.0 |       0 |      28 |   0.0 |   573
           D:2 |       0 |      83 |   0.0 |       0 |      15 |   0.0 |   301
               +---------+---------+-------+---------+---------+-------+---------
